 Dungeon Crawl Stone Soup version 0.27-a0-972-gd1521fd518 (webtiles) character file.

Game seed: 4836692613680856519

487 leviel the Chopper (level 6, -1/56 HPs)
             Began as a Minotaur Fighter on Apr 13, 2021.
             Slain by an ogre
             ... wielding a +0 giant club
              (5 damage)
             ... on level 5 of the Dungeon.
             The game lasted 00:06:23 (4622 turns).

leviel the Chopper (Minotaur Fighter)               Turns: 4622, Time: 00:06:23

Health: -1/56      AC: 12    Str: 21    XL:     6   Next: 89%
Magic:  5/5        EV:  4    Int:  5    God:
Gold:   89         SH:  9    Dex: 11    Spells: 5/5 levels left

rFire    . . .     SeeInvis .   k - +2 war axe (vorpal)
rCold    . . .     Faith    .   c - +0 kite shield
rNeg     + . .     Spirit   .   j - +0 plate armour
rPois    .         Reflect  .   (helmet restricted)
rElec    .         Harm     .   (no cloak)
rCorr    .         Rampage  .   (no gloves)
Will     .....                  (no boots)
Stlth    ..........             (no amulet)
HPRegen  0.18/turn              b - ring of positive energy
MPRegen  0.09/turn              (no ring)

@: no status effects
A: horns 2, retaliatory headbutt
a: no special abilities


You were on level 5 of the Dungeon.
You visited 1 branch of the dungeon, and saw 5 of its levels.

You collected 229 gold pieces.
You spent 140 gold pieces at shops.

Inventory:

Hand Weapons
 k - a +2 vorpal war axe (weapon)
Missiles
 n - 8 atropa-tipped darts (quivered)
Armour
 c - a +0 kite shield (worn)
 j - a +0 plate armour (worn)
Jewellery
 b - a ring of positive energy (left hand)
 f - a ring of wizardry
Wands
 e - a wand of acid (4)
 m - a wand of paralysis (6)
Scrolls
 h - 8 scrolls of identify
 l - a scroll of teleportation
Potions
 a - a potion of haste {unknown}
 d - 2 potions of might
 g - a potion of resistance
 i - 3 potions of curing


   Skills:
 + Level 5.2 Fighting
 + Level 5.7 Axes
 + Level 5.1 Armour
 + Level 0.4 Dodging
 + Level 0.6 Stealth
 + Level 4.5 Shields
 * Level 2.0 Evocations


You had 5 spell levels left.
You didn't know any spells.
Your spell library contained the following spells:

 Spells                   Type           Power      Damage    Failure   Level
 Apportation              Tloc           0%         N/A       100%        1
 Shock                    Conj/Air       0%         1d3       100%        1
 Manifold Assault         Tloc           0%         N/A       100%        5
 Conjure Ball Lightning   Conj/Air       0%         3x3d6     100%        6
 Dispersal                Tloc           0%         N/A       100%        6


Dungeon Overview and Level Annotations

Branches:
Dungeon (5/15)
 Temple: D:4-7

Altars:
Kikubaaqudgha

Shops:
D:1 :   D:4 !


Innate Abilities, Weirdness & Mutations

You have a pair of horns on your head.
You reflexively headbutt those who attack you in melee.


Message History

There are monsters nearby!
An orc comes into view. It is wielding a +1 dagger of venom.
The orc hits you but does no damage.
You hit the orc.
You kill the orc!
You block the orc's attack. The orc barely misses you.
You slice the orc!!
You kill the orc!
You slash the orc!
You kill the orc!
No target in view!
No target in view!
Things that are here:
a +0 club; a +0 leather armour
Items here: )) ††.
An ogre comes into view. It is wielding a +0 giant club.
The ogre shouts!
You hear an angry hiss.
The ogre moves out of view.
Found 13 gold pieces.
An ogre is nearby!
An ogre is nearby!
You see here a scroll labelled BOXEGOR LIROT.
You block the ogre's attack.
You completely miss the ogre.
The ogre hits you with a +0 giant club!!
An iguana comes into view.
You hit the ogre. Your headbutt misses the ogre.
The ogre is lightly wounded.
The ogre hits you with a +0 giant club!!
Ouch! That really hurt!
* * * LOW HITPOINT WARNING * * *
You are too injured to fight recklessly!
Okay, then.
You see here a scroll labelled BOXEGOR LIROT.
Okay, then.
Okay, then.
Found a scroll labelled WOP CAOMEY.
Found a potion of degeneration.
The ogre hits you with a +0 giant club.
You die...

#.#..##..#.#....
.........?.......
....#.!..........
..............#
##.###.#.#.#.# ##.#...#.#
.##.....#.# ###.####.#O#.#
# ..........@#.# #
#.######...#l#
#######.#........#.# .
#.)....)..###.#.##.#####..
#.#####)..................
.....##.......#.##?.......
#.##.##....#..#.##........
#.##............#.....$#..
#.##..##.##.#.###......# #


You could see an ogre.

Vanquished Creatures
  A necrophage (D:4)
  2 vampire bats (D:3)
  3 orc priests (D:3)
  2 orc wizards
  A gnoll (D:3)
  4 adders (D:3)
  2 adder skeletons (D:4)
  A worm (D:2)
  4 dart slugs
  22 orcs
  3 bat skeletons (D:3)
  4 bat zombies (D:3)
  4 endoplasms
  3 giant cockroaches
  6 goblins
  5 hobgoblins
  8 jackals
  4 kobolds
  5 quokkas
  4 ball pythons
  3 bats
  3 frilled lizards
  6 rats
100 creatures vanquished.

Notes
Turn   | Place    | Note
-------+----------+-------------------------------------------
     0 | D:1      | leviel the Minotaur Fighter began the quest for the Orb.
     0 | D:1      | Reached XP level 1. HP: 19/19 MP: 0/0
   294 | D:1      | Reached XP level 2. HP: 27/27 MP: 1/1
   442 | D:1      | Found Eloevoy's Book Shoppe.
  1585 | D:2      | Reached XP level 3. HP: 33/33 MP: 2/2
  2236 | D:2      | Identified Yptamm's Tome of Displacement and Feathers
  2644 | D:3      | Found a faded altar of an unknown god.
  2729 | D:3      | Reached XP level 4. HP: 41/41 MP: 3/3
  2936 | D:3      | Found an ancient bone altar of Kikubaaqudgha.
  2943 | D:3      | Reached XP level 5. HP: 44/47 MP: 4/4
  2950 | D:3      | Reached skill level 1 in Evocations
  3036 | D:3      | Reached skill level 5 in Axes
  3036 | D:3      | Reached XP level 6. HP: 28/53 MP: 5/5
  3870 | D:4      | Reached skill level 5 in Fighting
  4037 | D:4      | Found Exzokh's Distillery.
  4043 | D:4      | Bought a potion of degeneration for 14 gold pieces
  4050 | D:4      | Bought a potion of curing for 42 gold pieces
  4050 | D:4      | Bought a potion of curing for 42 gold pieces
  4050 | D:4      | Bought a potion of curing for 42 gold pieces
  4129 | D:4      | Reached skill level 5 in Armour
  4490 | D:5      | Entered Level 5 of the Dungeon
  4606 | D:5      | HP: 1/56 [ogre/+0 giant club (29)]
  4622 | D:5      | Slain by an ogre

Illustrated notes

Levels and vault maps discovered:
D:1:      erik_arrival_cave_to_civilisation [erik_arrival_cave_to_hall],
          layout_basic, serial_shops, shop
D:2:      layout_basic, due_unseen_surprise
D:3:      minmay_chambers_of_threes, layout_loops_ring,
          kennysheep_vampire_church, basic_ecumenical_altar, serial_bayou_pond_d
D:4:      layout_gridville, serial_shops, shop_fountains, minmay_misc_feat_doors
D:5:      layout_basic, nicolae_overflow_crystal_walls,
          hangedman_abyss_or_decor_stagger

Skill      XL: |  1  2  3  4  5  6 |
---------------+-------------------+-----
Fighting       | 4 5 |  5.2
Armour         | 4 5 |  5.1
Shields        | 4 |  4.5
Axes           | 3 4 5 |  5.7
Evocations     | 1 2 |  2.0
Dodging        | |  0.4
Stealth        | |  0.6

Action                   |  1- 3 |  4- 6 || total
-------------------------+-------+-------++-------
Melee: War axe           |    83 |    99 ||   182
       Headbutt          |     8 |    14 ||    22
Evoke: Wand              |       |     1 ||     1
  Use: Scroll            |       |     5 ||     5
       Potion            |       |     1 ||     1
 Stab: Paralysed         |       |     2 ||     2
Armor: Scale mail        |    25 |       ||    25
       Plate armour      |    17 |    79 ||    96
Dodge: Dodged            |    20 |    18 ||    38
Block: Kite shield       |    45 |    53 ||    98

Table legend: (Time is in decaauts)
 A = Elapsed time spent in this place.
 B = Non-inter-level travel time spent in this place.
 C = Inter-level travel time spent in this place.
 D = Time resting spent in this place.
 E = Time spent auto-exploring this place.
 F = Levels seen in this place.
 G = Mean time per level.
                   A        B        C        D        E       F      G
               +--------+--------+--------+--------+--------+-----+--------+
         Total |   4715 |   4348 |    367 |    130 |   3667 |   5 |  943.0 |
       Dungeon |   4715 |   4348 |    367 |    130 |   3667 |   5 |  943.0 |
               +--------+--------+--------+--------+--------+-----+--------+

Top non-repeatable levels by time:
     D:1: 1534 daAuts
     D:3: 1397 daAuts
     D:2: 983 daAuts
     D:4: 665 daAuts
     D:5: 134 daAuts
